 Dungeon Crawl Stone Soup version 0.21.1-1-g345015f (webtiles) character file.

9464 Monsterracer the Cleaver (level 11, 0/97 HPs)
             Began as a Minotaur Venom Mage on June 20, 2018.
             Was a Priest of Elyvilon.
             Slain by a blink frog (10 damage)
             ... on level 1 of the Lair of Beasts.
             The game lasted 00:18:42 (12896 turns).

Monsterracer the Cleaver (Minotaur Venom Mage)     Turns: 12896, Time: 00:18:42

Health: 0/97       AC: 14    Str: 16    XL:     11   Next: 23%
Magic:  14/14      EV: 14    Int: 12    God:    Elyvilon [***...]
Gold:   688        SH:  0    Dex: 16    Spells: 11/12 levels left

rFire    + + .     SeeInvis .   a - +0 battleaxe (chop)
rCold    . . .     Gourm    .   (shield currently unavailable)
rNeg     . . .     Faith    .   d - +2 scale mail {rF+}
rPois    .         Spirit   .   (helmet restricted)
rElec    .         Reflect  .   (no cloak)
rCorr    .         Harm     .   K - +1 pair of gloves {archery}
MR       .....                  E - +0 pair of boots
Stlth    +.........             D - amulet of regeneration
HPRegen  0.66/turn              A - ring of protection from fire {!d}
MPRegen  0.14/turn              B - +5 ring of dexterity

@: no status effects
A: retaliatory headbutt, horns 2
a: Lesser Healing, Heal Other, Purification, Divine Protection, Renounce
Religion


You were on level 1 of the Lair of Beasts.
You worshipped Elyvilon.
Elyvilon was most pleased with you.
You were not hungry.

You visited 4 branches of the dungeon, and saw 13 of its levels.

You collected 688 gold pieces.

Inventory:

Hand Weapons
 a - a +0 battleaxe of chopping (weapon)
 b - a +1 flail of protection
 L - the +7 halberd "Lifebane" {chop, rF+}
   (You found it on level 10 of the Dungeon)

   It inflicts extra damage upon your enemies.
   It protects you from fire.
Armour
 d - a +2 scale mail of fire resistance (worn)
 j - a +0 plate armour
 E - a +0 pair of boots (worn)
 H - a +2 shield
 K - a +1 pair of gloves of archery (worn)
Jewellery
 A - a ring of protection from fire (left hand) {!d}
 B - a +5 ring of dexterity (right hand)
 C - an uncursed ring of ice
 D - an amulet of regeneration (around neck)
Wands
 f - a wand of disintegration (4)
 h - a wand of acid (6)
 q - a wand of digging (13)
 t - a wand of polymorph (15)
 y - a wand of flame (55)
Scrolls
 o - 2 scrolls of remove curse
 p - 2 scrolls of blinking
 r - 3 scrolls of enchant weapon
 u - 2 scrolls of teleportation
 v - a scroll of fog
 w - a scroll of amnesia
 F - 3 scrolls of magic mapping {!r}
 G - 3 scrolls of identify
Potions
 e - a potion of might
 g - a potion of invisibility
 i - 6 potions of brilliance
 k - 3 potions of curing
 l - a potion of mutation {!q}
 m - a potion of ambrosia {!q}
 n - a potion of magic
 x - 2 potions of flight
 z - 2 potions of resistance
 I - a potion of berserk rage {unknown}
Comestibles
 c - 19 rations
 s - a chunk of flesh


   Skills:
 + Level 9.4 Fighting
 * Level 12.9 Axes
 + Level 8.7 Armour
 + Level 7.0 Dodging
 - Level 1.5 Stealth
 - Level 1.3 Spellcasting
 - Level 0.6 Conjurations
 - Level 2.1 Poison Magic
 + Level 5.6 Invocations


You had 11 spell levels left.
You knew the following spells:

 Your Spells              Type           Power        Failure   Level  Hunger
b - Sting                 Conj/Pois      #...         45%         1    ##.....


Dungeon Overview and Level Annotations

Branches:
Dungeon (10/15)            Temple (1/1) D:5            Lair (1/6) D:9
    Orc (1/2) D:10

Altars:
Ashenzari
Cheibriados
Dithmenos
Elyvilon
Fedhas
Gozag
Hepliaklqana
Kikubaaqudgha
Makhleb
Nemelex Xobeh
Okawaru
Qazlal
Ru
Sif Muna
Trog
Uskayaw
Vehumet
Wu Jian
Xom
Yredelemnul
Zin
The Shining One

Shops:
D:9 ?

Annotations:
D:10 sking99's ghost, journeyman GrFi


Innate Abilities, Weirdness & Mutations

You reflexively headbutt those who attack you in melee.
You have a pair of horns on your head.


Message History

You see here a porcupine corpse.
Unknown command.
You butcher the porcupine corpse.
s - 2 chunks of flesh (gained 1)
You see here a porcupine skeleton.
Eat one of 2 chunks of flesh? (ye/n/q)
You eat one of the 2 chunks of flesh.
This raw flesh tastes terrible.
Found a fan of gales.
Found a bone ring and 2 scrolls labeled DORUFIS VIUZA.
G - 3 scrolls of identify (gained 1)
You now have 688 gold pieces (gained 7).
You regained 2 hp, and now have 52/97 hp.
You hear the crackling of a very distant melting archway.
Found 25 gold pieces.
F - 3 scrolls of magic mapping {!r} (gained 1)
You regained 2 hp, and now have 58/97 hp.
A spiny frog comes into view.
The spiny frog croaks.
Found 7 gold pieces. 2 blink frogs come into view.
The blink frog croaks.
The blink frog moves out of view.
You slash the spiny frog! You headbutt the spiny frog.
The spiny frog is heavily wounded.
The spiny frog stings you. 2 blink frogs come into view.
You take 1 damage, and have 59/97 hp.
Unknown command.
You hit the spiny frog.
The spiny frog is heavily wounded.
The spiny frog barely misses you. You furiously retaliate!
You headbutt the spiny frog, but do no damage.
A porcupine comes into view.
Your scale mail prevents you from hitting the spiny frog.
The spiny frog is heavily wounded.
The spiny frog stings you.
You take 5 damage, and have 55/97 hp.
You hit the spiny frog but do no damage.
You headbutt the spiny frog, but do no damage.
The spiny frog is heavily wounded.
You slash the blink frog!
The blink frog blinks!
The spiny frog barely misses you. You furiously retaliate!
You headbutt the spiny frog. The spiny frog stings you.
You are poisoned.
The spiny frog poisons you!
You take 4 damage, and have 51/97 hp.
You slash the spiny frog!
You kill the spiny frog!
Your Dodging skill increases to level 7!
You slash the blink frog!
You feel sick. The blink frog hits you!
* * * LOW HITPOINT WARNING * * *
The blink frog blinks!
The blink frog hits you.
* * * LOW HITPOINT WARNING * * *
You take 14 damage, and have 37/97 hp.
You slash the blink frog!
You kill the blink frog!
You feel sick.
The blink frog blinks!
The blink frog hits you.
* * * LOW HITPOINT WARNING * * *
The blink frog blinks!
You take 2 damage, and have 35/97 hp.
You slash the blink frog! You headbutt the blink frog.
The blink frog is moderately wounded.
You miss the blink frog. You hit the blink frog.
You feel sick. The blink frog closely misses you. You furiously retaliate!
You headbutt the blink frog, but do no damage.
The blink frog blinks!
The blink frog hits you but does no damage.
You take 2 damage, and have 33/97 hp.
Unknown command.
You slash the blink frog!
The blink frog is severely wounded.
You miss the blink frog. You slash the porcupine!
You feel sick. The blink frog hits you!
* * * LOW HITPOINT WARNING * * *
The blink frog blinks!
The blink frog hits you!
* * * LOW HITPOINT WARNING * * *
The porcupine bites you.
* * * LOW HITPOINT WARNING * * *
The blink frog barely misses you.
You take 22 damage, and have 11/97 hp.
MASSIVE DAMAGE!!
Okay, then.
You feel sick.
The blink frog blinks!
The blink frog closely misses you.
You are struck by the porcupine's spines.
* * * LOW HITPOINT WARNING * * *
You completely miss the porcupine.
The porcupine is severely wounded.
You slash the blink frog!
You feel sick. The porcupine barely misses you.
The blink frog blinks!
The porcupine bites you.
* * * LOW HITPOINT WARNING * * *
You take 4 damage, and have 7/97 hp.
You are struck by the porcupine's spines.
* * * LOW HITPOINT WARNING * * *
You closely miss the porcupine. Your headbutt misses the porcupine.
The porcupine is severely wounded.
You closely miss the blink frog.
You feel sick.
The blink frog blinks!
The blink frog closely misses you. The porcupine barely misses you.
The blink frog blinks!
You take 4 damage, and have 3/97 hp.
You feel better. The blink frog hits you!
You die...

#P...♣♣..............#
#..................#
#.......♣♣.........#
#.......♣♣.♣..........
#.......♣♣♣♣........#.
#P........♣.........
##.§................
#........§.....♣....
=.....}..F@r..♣♣♣....
?.............♣ ...
.....§....$.♣ .#
............$..
....#..#...#...
##.##.####+.#.## #F.
## ...# .. ..


You could see 2 blink frogs and a porcupine.

Vanquished Creatures
  A two-headed ogre (D:8)
  Maurice (D:8)
  A spiny frog (Lair:1)
  The ghost of Kandryn the Ruffian, an amateur TrFi of Okawaru (D:4)
  A troll (D:10)
  Prince Ribbit (D:5)
  6 blink frogs (Lair:1)
  Grinder (D:3)
  4 hippogriffs
  3 yaks (D:8)
  A fire bat (D:9)
  A hungry ghost (D:10)
  Edmund (D:5)
  4 water moccasins (Lair:1)
  Duvessa (D:6)
  2 porcupines (Lair:1)
  2 orc warriors
  2 ice beasts
  4 phantoms
  6 ogres
  5 centaurs
  6 bullfrogs
  Dowan (D:6)
  7 killer bees
  4 wights (D:8)
  5 howler monkeys
  The ghost of dscm the Digger, a weakling OpEE (D:3)
  2 crimson imps
  A bullfrog zombie (D:5)
  3 hounds
  3 orc priests
  A jelly (D:6)
  2 centaur skeletons
  5 orc wizards
  3 bullfrog skeletons
  Jessica (D:3)
  Ijyb (D:5)
  5 worker ants
  A killer bee zombie (D:6)
  A hound zombie (D:5)
  2 worker ant zombies
  A howler monkey skeleton (D:4)
  Robin (D:2)
  3 gnolls (D:7)
  10 adders
  2 shadow imps
  An adder skeleton (D:4)
  2 worms
  2 dart slugs (D:2)
  9 leopard geckos
  47 orcs
  2 ball pythons
  4 bats
  4 giant cockroaches
  13 goblins
  14 hobgoblins
  15 jackals
  5 kobolds
  A quokka (D:2)
  A frilled lizard (D:3)
  A leopard gecko skeleton (D:7)
  7 rats
  A fungus (Lair:1)
250 creatures vanquished.

Vanquished Creatures (others)
  An orc wizard (D:4)
1 creature vanquished.

Grand Total: 251 creatures vanquished

Notes
Turn   | Place    | Note
-------+----------+-------------------------------------------
     0 | D:1      | Monsterracer the Minotaur Venom Mage began the quest for the Orb.
     0 | D:1      | Reached XP level 1. HP: 14/14 MP: 1/1
   196 | D:1      | HP: 7/15 [leopard gecko (3)]
   198 | D:1      | Reached skill level 1 in Fighting
   402 | D:1      | Reached XP level 2. HP: 14/24 MP: 3/3
   406 | D:1      | HP: 10/24 [goblin (3)]
   413 | D:1      | HP: 8/24 [rat (3)]
  1006 | D:1      | Reached XP level 3. HP: 28/31 MP: 4/4
  1409 | D:2      | Reached skill level 1 in Armour
  1725 | D:2      | Reached skill level 1 in Axes
  1928 | D:2      | Noticed Robin
  1952 | D:2      | Reached XP level 4. HP: 28/38 MP: 5/5
  1957 | D:2      | Reached skill level 2 in Axes
  1958 | D:2      | Killed Robin
  2132 | D:2      | Reached skill level 3 in Axes
  2469 | D:2      | Found a burning altar of Makhleb.
  2645 | D:3      | Noticed Grinder
  2789 | D:3      | Reached XP level 5. HP: 34/45 MP: 6/6
  2803 | D:3      | Reached skill level 4 in Axes
  2812 | D:3      | HP: 21/45 [orc/flail of protection (3)]
  2820 | D:3      | HP: 20/45 [orc/flail of protection (2)]
  2847 | D:3      | Noticed dscm's ghost (weakling OpEE)
  3015 | D:3      | Killed dscm's ghost
  3045 | D:3      | HP: 18/45 [Grinder (5)]
  3296 | D:3      | Reached skill level 5 in Axes
  3631 | D:3      | Noticed Jessica
  3636 | D:3      | Killed Jessica
  3636 | D:3      | Reached XP level 6. HP: 38/52 MP: 7/7
  3788 | D:3      | HP: 26/52 [Grinder/nerve-wracking pain (13)]
  4009 | D:3      | Found a hazy altar of Hepliaklqana.
  4092 | D:3      | Paralysed by Grinder for 4 turns
  4184 | D:4      | Noticed Kandryn's ghost (amateur TrFi)
  4198 | D:3      | HP: 25/52 [worker ant (5)]
  4202 | D:3      | HP: 12/52 [poisoned by a worker ant]
  4207 | D:3      | HP: 7/52 [poisoned by a worker ant]
  4564 | D:3      | Paralysed by Grinder for 6 turns
  4575 | D:3      | Paralysed by Grinder for 7 turns
  4807 | D:3      | Paralysed by Grinder for 7 turns
  4818 | D:3      | HP: 24/52 [Grinder/nerve-wracking pain (6)]
  4844 | D:3      | HP: 21/52 [Grinder (8)]
  4848 | D:3      | Paralysed by Grinder for 7 turns
  5087 | D:3      | Paralysed by Grinder for 2 turns
  5094 | D:3      | Paralysed by Grinder for 2 turns
  5099 | D:3      | HP: 23/52 [Grinder (4)]
  5100 | D:3      | Paralysed by Grinder for 4 turns
  5104 | D:3      | Killed Grinder
  5104 | D:3      | Reached skill level 6 in Axes
  5104 | D:3      | Reached XP level 7. HP: 22/60 MP: 8/8
  5514 | D:4      | Reached skill level 7 in Axes
  5656 | D:4      | Found a sacrificial altar of Ru.
  5690 | D:4      | HP: 29/60 [ogre/giant spiked club (12)]
  5695 | D:4      | Reached skill level 5 in Fighting
  5697 | D:4      | HP: 19/61 [something/puff of frost (7)]
  5715 | D:4      | HP: 22/61 [orc wizard/magic dart (2)]
  5720 | D:4      | HP: 20/61 [something/puff of frost (3)]
  5725 | D:4      | HP: 11/61 [orc wizard/magic dart (3)]
  5731 | D:4      | HP: 9/91 [orc wizard/magic dart (2)]
  6068 | D:4      | HP: 24/61 [Kandryn's ghost (8)]
  6069 | D:4      | Killed Kandryn's ghost
  6069 | D:4      | Reached skill level 8 in Axes
  6069 | D:4      | Reached XP level 8. HP: 28/69 MP: 9/9
  6073 | D:4      | HP: 26/69 [howler monkey (3)]
  6326 | D:4      | Found a sparkling altar of Nemelex Xobeh.
  6503 | D:5      | Entered Level 5 of the Dungeon
  6647 | D:5      | Noticed a hippogriff
  6657 | D:5      | Killed a hippogriff
  6657 | D:5      | Reached skill level 5 in Armour
  6673 | D:5      | Reached skill level 9 in Axes
  6831 | D:5      | Noticed Ijyb
  6849 | D:5      | Killed Ijyb
  6859 | D:5      | Found a staircase to the Ecumenical Temple.
  6880 | Temple   | Entered the Ecumenical Temple
  7004 | Temple   | Became a worshipper of Elyvilon the Healer
  7118 | D:5      | HP: 30/70 [ogre/giant club (19)]
  7494 | D:5      | Noticed Prince Ribbit
  7517 | D:5      | HP: 33/71 [Prince Ribbit (6)]
  7520 | D:5      | HP: 11/71 [Prince Ribbit (9)]
  7523 | D:5      | Killed Prince Ribbit
  7523 | D:5      | Reached skill level 1 in Invocations
  7885 | D:5      | Found an opulent altar of Gozag.
  7949 | D:5      | Found an ornate altar of the Wu Jian Council.
  8218 | D:5      | Noticed Edmund
  8232 | D:5      | Killed Edmund
  8232 | D:5      | Reached XP level 9. HP: 50/78 MP: 10/10
  8526 | D:6      | Reached * piety under Elyvilon
  8557 | D:6      | Got a shadowed robe
  8616 | D:6      | Noticed Dowan
  8619 | D:6      | Noticed Duvessa
  8627 | D:6      | Killed Duvessa
  8627 | D:6      | Reached skill level 10 in Axes
  8629 | D:6      | Killed Dowan
  8857 | D:6      | Found a radiant altar of Vehumet.
  8990 | D:6      | Found an opulent altar of Gozag.
  9934 | D:8      | Reached skill level 5 in Dodging
  9962 | D:8      | Found a shattered altar of Ashenzari.
  9978 | D:8      | Reached skill level 11 in Axes
  9986 | D:8      | Noticed Maurice
  9997 | D:8      | Killed Maurice
  9997 | D:8      | Reached XP level 10. HP: 58/88 MP: 11/11
 10199 | D:8      | Reached ** piety under Elyvilon
 10208 | D:8      | Noticed a two-headed ogre
 10226 | D:8      | HP: 43/89 [two-headed ogre/giant club (7)]
 10228 | D:8      | HP: 17/89 [wight/trident (8)]
 10230 | D:8      | Killed a two-headed ogre
 10611 | D:8      | Reached skill level 12 in Axes
 11139 | D:9      | Found a staircase to the Lair.
 11177 | D:9      | Found Ysoll's Magic Scroll Boutique.
 11230 | D:9      | Noticed Psyche
 11233 | D:9      | Noticed Psyche
 11233 | D:9      | Psyche changed into Psyche the fire bat
 11234 | D:9      | Killed Psyche the fire bat
 11514 | D:10     | Entered Level 10 of the Dungeon
 11557 | D:10     | Found a staircase to the Orcish Mines.
 11632 | D:10     | Found a basalt altar of Yredelemnul.
 11708 | D:10     | Reached *** piety under Elyvilon
 11776 | D:10     | Noticed sking99's ghost (journeyman GrFi)
 11783 | D:10     | HP: 41/90 [sking99's ghost (5)]
 11786 | D:10     | HP: 19/90 [sking99's ghost (16)]
 11791 | D:10     | HP: 14/90 [poisoned by sking99's ghost]
 11796 | D:10     | HP: 13/90 [poisoned by sking99's ghost]
 11801 | D:10     | HP: 12/90 [poisoned by sking99's ghost]
 11807 | D:10     | HP: 13/90 [poisoned by sking99's ghost]
 11813 | D:10     | HP: 15/90 [poisoned by sking99's ghost]
 11821 | D:10     | HP: 18/90 [poisoned by sking99's ghost]
 12082 | D:10     | Reached skill level 5 in Invocations
 12146 | D:10     | Got a brightly glowing halberd
 12150 | D:10     | Identified the +7 halberd "Lifebane" {chop, rF+} (You found it on level 10 of the Dungeon)
 12466 | Orc:1    | Entered Level 1 of the Orcish Mines
 12472 | Orc:1    | Noticed an ettin
 12477 | Orc:1    | Noticed an orc warlord
 12591 | Lair:1   | Entered Level 1 of the Lair of Beasts
 12646 | Lair:1   | HP: 43/91 [electric eel/bolt of electricity (11)]
 12647 | Lair:1   | HP: 21/91 [electric eel/bolt of electricity (1)]
 12655 | Lair:1   | HP: 16/91 [water moccasin (4)]
 12659 | Lair:1   | Reached XP level 11. HP: 18/97 MP: 13/13
 12787 | Lair:1   | HP: 42/97 [blink frog (8)]
 12793 | Lair:1   | HP: 29/97 [blink frog (5)]
 12798 | Lair:1   | HP: 29/97 [water moccasin (3)]
 12821 | Lair:1   | HP: 47/97 [porcupine's spines (3)]
 12826 | Lair:1   | HP: 29/97 [water moccasin (8)]
 12847 | Lair:1   | HP: 38/97 [water moccasin (3)]
 12889 | Lair:1   | HP: 38/97 [blink frog (12)]
 12892 | Lair:1   | HP: 12/97 [blink frog (13)]
 12895 | Lair:1   | HP: 3/97 [porcupine's spines (4)]
 12896 | Lair:1   | Slain by a blink frog

Skill      XL: |  1  2  3  4  5  6  7  8  9 10 11 |
---------------+----------------------------------+-----
Fighting       | 2 3 4 5 6 8 9 |  9.4
Armour         | 1 3 4 5 7 8 |  8.7
Axes           | 1 3 5 6 8 9 11 12 | 12.9
Dodging        | 3 5 6 7 |  7.0
Invocations    | 1 3 5 |  5.6
Stealth        | |  1.5
Spellcasting   | |  1.3
Conjurations   | |  0.6
Poison Magic   | |  2.1

Action                   |  1- 3 |  4- 6 |  7- 9 | 10-12 || total
-------------------------+-------+-------+-------+-------++-------
Melee: Short sword       |    99 |       |       |       ||    99
       Headbutt          |    16 |    24 |    55 |    37 ||   132
       Unarmed           |     2 |       |     4 |       ||     6
       Hand axe          |    22 |   168 |       |       ||   190
       Battleaxe         |       |    15 |   342 |   179 ||   536
Invok: Purification      |       |       |       |     1 ||     1
       Lesser Healing    |       |       |       |     2 ||     2
Evoke: Wand              |       |       |     3 |     4 ||     7
  Use: Scroll            |       |     9 |     7 |     3 ||    19
       Potion            |       |     5 |     1 |     1 ||     7
 Stab: Sleeping          |     1 |       |       |       ||     1
  Eat: Chunk             |     3 |     8 |    15 |    11 ||    37
       Ration            |       |     1 |       |       ||     1
Armor: Robe              |     5 |       |       |       ||     5
       Scale mail        |    33 |     7 |   119 |    78 ||   237
       Chain mail        |       |   111 |    84 |       ||   195
       Skin              |       |       |     7 |       ||     7
Dodge: Dodged            |    72 |    67 |   151 |   140 ||   430

Vault maps used:
D:1:      lemuel_arrival_tunnels
D:2:      marbit_many_paths, uniq_robin
D:3:      overflow_temple_1_default, first_ration, uniq_jessica, uniq_grinder
D:4:      lemuel_coloured_pillars_altar, nemelex_altar_shiori
D:5:      kennysheep_little_box, temple_statues, basic_altar,
          kennysheep_generic_room_3, uniq_ijyb, uniq_prince_ribbit1, uniq_edmund
D:6:      nicolae_gozag_cash_rules_everything_around_me, vehumet_altar_wand_db,
          uniq_duvessa
D:8:      nicolae_ashenzari_panopticon, uniq_maurice
D:9:      lair_entry_dummy, serial_shops, shop, uniq_psyche
D:10:     orc_0_dummy, basic_altar
Temple:   jpeg_temple_clearing
Lair:1:   portal_ice_cave_entry_ice_beasts, wad_woods_river_03,
          nicolae_lair_grove_arrangements, grunt_megastairs_4,
          infiniplex_staircase_pool
Orc:1:    nicolae_volcano_entry_lava_flow, serial_shops, shop_statue,
          nicolae_shop_stone
